 Dungeon Crawl Stone Soup version 0.32-a0-699-g1ee5eff (webtiles) character file.

Game seed: 16398171423655970743

124 Toastz the Shooter (level 5, 0/38 HPs)
             Began as a Human Hexslinger on Mar 13, 2024.
             Slain by a hound (3 damage)
             ... on level 3 of the Dungeon.
             The game lasted 00:04:37 (2007 turns).

Toastz the Shooter (Human Hexslinger)               Turns: 2007, Time: 00:04:38

Health: 0/38       AC:  6    Str:  8    XL:     5   Next: 8%
Magic:  5/6        EV: 11    Int: 13    God:
Gold:   211        SH:  0    Dex: 18    Spells: 4/6 levels left

rFire   + . .        a - +1 sling
rCold   + . .        (no shield)
rNeg    . . .        q - +2 leather armour of Ruogen {rC+}
rPois   .            (no helmet)
rElec   .            (no cloak)
rCorr   .            (no gloves)
SInv    .            o - +0 pair of boots
Will    .....        j - amulet of the acrobat
Stlth   +            n - ring of protection from fire
HPRegen 0.26/turn    (no ring)
MPRegen 0.10/turn

%: acrobat
@: weak-willed
A: explore regen
a: no special abilities


You were on level 3 of the Dungeon.
You visited 1 branch of the dungeon, and saw 4 of its levels.

You collected 211 gold pieces.

Inventory:

Hand Weapons
 a - a +1 sling (weapon)
Missiles
 h - 3 javelins
 m - 2 throwing nets
Armour
 o - a +0 pair of boots (worn)
 q - the +2 leather armour of Ruogen (worn) {rC+}
   (You found it on level 3 of the Dungeon)

   rC+:       It protects you from cold.
Jewellery
 j - an amulet of the acrobat (around neck)
 n - a ring of protection from fire (left hand)
Scrolls
 b - 2 scrolls of poison
 d - 3 scrolls of identify {unknown}
 f - a scroll of revelation
 g - a scroll of teleportation {unknown}
 k - a scroll of blinking {unknown}
 p - a scroll of vulnerability {unknown}
Potions
 c - a potion of mutation {unknown}
 e - 2 potions of heal wounds {unknown}
 i - a potion of curing {unknown}


   Skills:
 + Level 2.2 Fighting
 * Level 3.6 Ranged Weapons
 + Level 0.7 Armour
 - Level 2.6 Dodging
 - Level 1.0 Spellcasting
 + Level 3.4 Hexes
 - Level 1.0 Fire Magic


You had 4 spell levels left.
You knew the following spells:

 Your Spells              Type           Power      Damage    Failure   Level
a - Jinxbite              Hex            18%        N/A       14%         2

Your spell library contained the following spells:

 Spells                   Type           Power      Damage    Failure   Level
 Confusing Touch          Hex            9%         N/A       28%         3
 Sigil of Binding         Hex            9%         N/A       28%         3
 Kiss of Death            Conj/Necr      0%         2d5       36%         1
 Inner Flame              Hex/Fire       6%         N/A       43%         3
 Cause Fear               Hex            4%         N/A       67%         4
 Dimensional Bullseye     Hex/Tloc       2%         N/A       89%         4
 Dispel Undead            Necr           0%         3d6       98%         4
 Death Channel            Necr           0%         N/A       100%        6
 Sculpt Simulacrum        Ice/Alch       0%         N/A       100%        6


Dungeon Overview and Level Annotations

Branches:
Dungeon (4/15)
 Temple: D:4-7

Altars:
The Shining One


Innate Abilities, Weirdness & Mutations

You regain HP and MP as you explore.


Message History

You shoot a sling bullet. The sling bullet hits the hound.
The hound is moderately wounded.
A giggling sprite leaps out and smacks the hound with its own front paw.
The hound is heavily wounded.
The jinxing sprites lose interest in you.
The hound barely misses you. The orc hits you with a +0 mace.
The hound bites you but does no damage.
Fire: a) +1 sling
Press: ? - help, Q - select action, (/) - cycle Shift-Dir - straight line, f/p - hound
Aim: a hound (heavily wounded, heavily drained, 51% to hit)
You shoot a sling bullet.
The sling bullet barely misses the hound.
The hound bites you.
* * * LOW HITPOINT WARNING * * *
The orc barely misses you. The hound misses you.
The orc hits you but does no damage.
Fire: a) +1 sling
Press: ? - help, Q - select action, (/) - cycle Shift-Dir - straight line, f/p - hound
Aim: a hound (heavily wounded, heavily drained, 51% to hit)
You shoot a sling bullet.
The sling bullet closely misses the hound.
The hound seems less drained.
The hound bites you but does no damage. The hound bites you.
* * * LOW HITPOINT WARNING * * *
The orc hits you with a +0 mace!
* * * LOW HITPOINT WARNING * * *
Fire: a) +1 sling
Press: ? - help, Q - select action, (/) - cycle Shift-Dir - straight line, f/p - hound
Aim: a hound (heavily wounded, 51% to hit)
You shoot a sling bullet. The sling bullet hits the hound.
The hound is severely wounded.
The hound misses you. The orc barely misses you. The hound barely misses you.
Fire: a) +1 sling
Press: ? - help, Q - select action, (/) - cycle Shift-Dir - straight line, f/p - hound
Aim: a hound (severely wounded, 51% to hit)
You shoot a sling bullet. The sling bullet hits the hound.
The hound is severely wounded.
The hound bites you but does no damage. The orc hits you but does no damage.
The hound bites you.
You die...

### #<# #.# #.#
#.##############
#..............#
#######...####.#
###### #.#o# #.#
#..... #.#@####.###
#.....
#.#.h.##...####.....
##.....##............
#......##....##......
#...........#........
#...........#........
#.....###[..#.....###
#.....# ##...........
#.....# #...........


You could see a hound and an orc.

Vanquished Creatures
  An orc wizard (D:4)
  3 adders
  2 ribbon worms (D:2)
  4 dart slugs
  4 ball pythons (D:1)
  6 endoplasms
  3 giant cockroaches
  5 goblins
  4 hobgoblins
  3 jackals (D:1)
  3 quokkas
  7 bats
  3 frilled lizards
  4 kobolds
  6 rats
58 creatures vanquished.

Notes
Turn   | Place    | Note
-------+----------+-------------------------------------------
     0 | D:1      | Toastz the Human Hexslinger began the quest for the Orb.
     0 | D:1      | Reached XP level 1. HP: 15/15 MP: 2/2
    92 | D:1      | Reached XP level 2. HP: 9/21 MP: 3/3
   172 | D:1      | Learned a level 2 spell: Jinxbite
   226 | D:1      | Reached XP level 3. HP: 26/26 MP: 4/4
   842 | D:2      | Reached XP level 4. HP: 20/33 MP: 2/5
   989 | D:2      | Found a glowing golden altar of the Shining One.
  1837 | D:3      | Identified the +2 leather armour of Ruogen {rC+}
  1975 | D:4      | Reached XP level 5. HP: 25/38 MP: 3/6
  2007 | D:3      | Slain by a hound

Illustrated notes

Levels and vault maps discovered:
D:1:      dpeg_arrival_chambers_temple_mockup, layout_basic, serial_bayou_pond_b
D:2:      layout_basic, basic_altar, minivault_23
D:3:      minmay_general_purpose_star, layout_basic
D:4:      layout_rooms, ashenzari_altar_1, nicolae_shop_self_help

Skill      XL: |  1  2  3  4 |
---------------+-------------+-----
Ranged Weapons | 3 |  3.6
Fighting       | 2 |  2.2
Armour         | |  0.7
Dodging        | |  2.6
Spellcasting   | |  1.0
Hexes          | |  3.4
Fire Magic     | |  1.0

Action                     |  1- 3 |  4- 6 || total
---------------------------+-------+-------++-------
  Melee: Sling             |       |     1 ||     1
   Fire: Sling             |   106 |    64 ||   170
   Cast: Jinxbite          |     1 |     3 ||     4
    Use: Scroll            |     1 |       ||     1
 Armour: Robe              |    21 |     1 ||    22
         Leather armour    |       |    32 ||    32
  Dodge: Dodged            |    31 |    38 ||    69

Table legend: (Time is in decaauts)
 A = Elapsed time spent in this place.
 B = Non-inter-level travel time spent in this place.
 C = Inter-level travel time spent in this place.
 D = Time resting spent in this place.
 E = Time spent auto-exploring this place.
 F = Levels seen in this place.
 G = Mean time per level.
                   A        B        C        D        E       F      G
               +--------+--------+--------+--------+--------+-----+--------+
         Total |   2054 |   1984 |     70 |    108 |   1497 |   4 |  513.5 |
       Dungeon |   2054 |   1984 |     70 |    108 |   1497 |   4 |  513.5 |
               +--------+--------+--------+--------+--------+-----+--------+

Top non-repeatable levels by time:
     D:2: 879 daAuts
     D:1: 593 daAuts
     D:3: 536 daAuts
     D:4: 45 daAuts
